Map: Одиссея РВ

Players

Murena - Winner!

  • Race: Terran Terran
  • Spawn Location: 11:00

ИИ 1 (эксперт)

  • Race: Protoss Protoss
  • Spawn Location: 5:00

VOD

Have the link to the VOD?

Description

Time

  • Played on: April 16, 2019, 4:30 p.m.
  • Length: 7:28
Show
View Real Time Build Order
Export as new Build Order

Murena Terran - Winner!

Build Orders:  

Get SALT Encoding   

  12  0:01  SCV  
  13  0:13  SCV  
  14  0:20  Supply Depot  
  14  0:26  Refinery  
  14  0:31  SCV  
  15  0:42  Barracks  
  15  0:47  SCV  
  16  0:59  SCV  
  17  1:10  Barracks  
  17  1:12  SCV  
  18  1:24  SCV  
  19  1:29  Marine  
  19  1:32  Factory  
  20  1:37  SCV  
  21  1:43  Refinery  
  21  1:48  Marine  
  21  1:51  SCV  
  23  1:59  Supply Depot  
  23  2:10  Orbital Command  
  23  2:15  Factory Tech Lab  
  23  2:21  Marine  
  23  2:22  Marine  
  25  2:37  Armory  
  25  2:39  Marine  
  25  2:41  Marine  
  27  2:45  SCV  
  28  2:53  Supply Depot  
  28  2:57  Marine  
  29  2:59  Barracks Reactor  
  29  3:00  SCV  
  30  3:13  SCV  
  30  3:16  Barracks Tech Lab  
  31  3:24  Thor  
  37  3:35  Supply Depot  
  37  3:36  Marine x2  
  37  3:39  Combat Shield  
  39  3:58  Supply Depot  
  39  4:02  Marine  
  39  4:03  Marine  
  39  4:07  Thor  
  47  4:21  Marine, Bunker, Engineering Bay  
  47  4:22  Marine  
  49  4:25  Marine  
  49  4:28  SCV  
  51  4:39  Marine  
  51  4:40  Marine, Supply Depot  
  51  4:42  SCV  
  51  4:44  Marine  
Show
View Real Time Build Order
Export as new Build Order

ИИ 1 (эксперт) Protoss 

Build Orders: Colossus Rush 

Get SALT Encoding   

  12  0:00  Probe  
  13  0:13  Probe  
  14  0:20  Pylon  
  14  0:25  Probe  
  15  0:34  Probe  
  15  0:42  Probe  
  16  0:47  Assimilator  
  17  0:50  Gateway  
  17  0:52  Probe  
  18  1:00  Probe  
  18  1:01  Pylon  
  18  1:08  Probe  
  20  1:18  Probe  
  21  1:34  Gateway  
  21  1:37  Probe  
  21  1:38  Zealot  
  24  1:40  Cybernetics Core  
  24  1:46  Pylon  
  24  1:49  Probe  
  25  1:59  Probe  
  26  2:05  Zealot  
  26  2:07  Probe  
  28  2:08  Assimilator  
  28  2:15  Probe  
  29  2:18  Warp Gate  
  29  2:21  Adept  
  32  2:27  Probe  
  33  2:32  Adept  
  33  2:34  Pylon  
  35  2:39  Probe  
  36  2:47  Adept  
  38  2:51  Probe  
  39  3:02  Sentry  
  39  3:03  Probe  
  42  3:15  Probe  
  42  3:16  Nexus  
  42  3:18  Stalker  
  45  3:28  Probe  
  46  3:36  Robotics Facility  
  46  3:40  Probe  
  47  3:43  Pylon  
  47  4:01  Probe  
  48  4:05  Adept  
  48  4:09  Probe  
  50  4:13  Adept  
  53  4:17  Probe  
  54  4:27  Adept, Probe  
  54  4:28  Probe  
  58  4:33  Robotics Bay  
  58  4:39  Observer, Probe  
  58  4:40  Probe  
  61  4:47  Robotics Facility  
  61  4:51  Probe  
  61  4:52  Probe, Pylon  
  63  4:54  Stalker  
  63  4:59  Stalker  
  67  5:04  Probe  
  67  5:05  Probe  
  67  5:06  Pylon  
  69  5:09  Colossus  
  69  5:12  Probe  
  76  5:31  Pylon  
  76  5:32  Zealot  
  78  5:40  Immortal, Probe  
  78  5:42  Assimilator  
  63  5:57  Twilight Council, Zealot  
  56  5:58  Assimilator  
  58  6:07  Zealot  
  58  6:10  Probe  
  62  6:18  Probe  
  62  6:26  Probe  
  54  6:36  Templar Archives  
  54  6:39  Zealot  
  47  6:46  Zealot  
  39  6:59  Zealot  
  40  7:03  Probe  
  40  7:06  Zealot  
  34  7:15  Nexus  
  34  7:19  High Templar  
Tags
 
Add a new tag
Caveats
  • Supply blocks, unpowered buildings, or Contaminate may cause inaccurate times.
  • Supply counts are checked every 10 seconds.